| TOP OF THE 1ST |
|
West Palm Beach Expos batting - Pitching for Dunedin Blue Jays : RHP Charlie Kerfeld
|
|
Pitching: RHP Charlie Kerfeld
|
|
|
Batting: RHB Roland Oruna
|
0-0: Called Strike 0-1: Ball 1-1: Ground out 6-3 (Groundball, 6D, EV 97.5 MPH)
|
|
Batting: RHB Steve Kiefer
|
0-0: Ball 1-0: Foul Ball, location: 2F 1-1: Ball 2-1: Fly out, F3 (Flyball, 34D, EV 81.9 MPH)
|
|
Batting: SHB Terry Pendleton
|
0-0: SINGLE (Flyball, 5D, EV 83.8 MPH)
|
|
Batting: SHB Mark Pirruccello
|
0-0: Foul Ball, location: 2F 0-1: Ball 1-1: Called Strike 1-2: Strikes out swinging
|
| Top of the 1st over - 0 runs, 1 hit, 0 errors, 1 left on base; West Palm Beach 0 - Dunedin 0 |
| BOTTOM OF THE 1ST |
|
Dunedin Blue Jays batting - Pitching for West Palm Beach Expos : RHP Domingo Valdez
|
|
Pitching: RHP Domingo Valdez
|
|
|
Batting: LHB Gary Fulton
|
0-0: Ball 1-0: Ball 2-0: Foul Ball, location: 2F 2-1: SINGLE (Line Drive, 78S, EV 106.9 MPH)
|
|
Batting: RHB Brad Wellman
|
0-0: Ball Gary Fulton steals 2nd base (no throw) 1-0: Called Strike 1-1: Called Strike 1-2: Ball 2-2: Ball 3-2: Foul Ball, location: 2F 3-2: Base on Balls
|
|
Batting: RHB Miguel Rodriguez
|
0-0: Called Strike 0-1: Ball 1-1: Ball 2-1: Called Strike 2-2: Strikes out looking
|
|
Batting: RHB Dale Berra
|
0-0: Called Strike 0-1: Ball 1-1: Ball 2-1: Ball 3-1: 3-RUN HOME RUN (Flyball, 89XD, EV 95.0 MPH), Distance : 435 ft
|
|
Batting: LHB Manny Leal
|
0-0: Ball 1-0: Ball 2-0: Called Strike 2-1: Fly out, F8 (Flyball, 8LS, EV 97.5 MPH)
|
|
Batting: RHB Wil Culmer
|
0-0: Ball 1-0: Ball 2-0: Called Strike 2-1: Ball 3-1: Called Strike 3-2: Base on Balls
|
|
Batting: RHB Eugene Pallavicini
|
0-0: Ball 1-0: Ball 2-0: Ball 3-0: Called Strike 3-1: SINGLE (Flyball, 89S, EV 93.1 MPH) Wil Culmer to second Runner from 2nd tries for 3rd, OUT! 9-5
|
| Bottom of the 1st over - 3 runs, 3 hits, 0 errors, 1 left on base; West Palm Beach 0 - Dunedin 3 |
| TOP OF THE 2ND |
|
West Palm Beach Expos batting - Pitching for Dunedin Blue Jays : RHP Charlie Kerfeld
|
|
Batting: LHB Keith Hughes
|
0-0: Called Strike 0-1: Fly out, F5 (Line Drive, 5, EV 65.0 MPH)
|
|
Batting: RHB Matthew Gundelfinger
|
0-0: Swinging Strike 0-1: Foul Ball, location: 2F 0-2: Ball 1-2: Foul Ball, location: 2F 1-2: Strikes out swinging
|
|
Batting: RHB Humberto Cardenas
|
0-0: Swinging Strike 0-1: Swinging Strike 0-2: Foul Ball, location: 2F 0-2: Ground out 6-3 (Groundball, 4MS, EV 68.1 MPH)
|
| Top of the 2nd over - 0 runs, 0 hits, 0 errors, 0 left on base; West Palm Beach 0 - Dunedin 3 |
| BOTTOM OF THE 2ND |
|
Dunedin Blue Jays batting - Pitching for West Palm Beach Expos : RHP Domingo Valdez
|
|
Batting: RHB Dann Bilardello
|
0-0: Ball 1-0: Ball 2-0: Ground out 4-3 (Groundball, 4, EV 104.4 MPH)
|
|
Batting: RHB Scott Richartz
|
0-0: Ground out U3 (Groundball, 23, EV 86.3 MPH)
|
|
Batting: LHB Gary Fulton
|
0-0: Foul Ball, location: 2F 0-1: Fly out, F6 (Popup, 6M, EV 65.0 MPH)
|
| Bottom of the 2nd over - 0 runs, 0 hits, 0 errors, 0 left on base; West Palm Beach 0 - Dunedin 3 |
| TOP OF THE 3RD |
|
West Palm Beach Expos batting - Pitching for Dunedin Blue Jays : RHP Charlie Kerfeld
|
|
Batting: RHB Pat Adams
|
0-0: Called Strike 0-1: Ball 1-1: Ball 2-1: Ground out 1-3 (Groundball, 13, EV 72.5 MPH)
|
|
Batting: SHB Jerry Castillo
|
0-0: Ball 1-0: Swinging Strike 1-1: Ball 2-1: Fly out, F7 (Flyball, 7LS, EV 96.3 MPH)
|
|
Batting: RHB Roland Oruna
|
0-0: Ball 1-0: Called Strike 1-1: SINGLE (Groundball, 4MS, EV 88.1 MPH) (infield hit)
|
|
Batting: RHB Steve Kiefer
|
0-0: Ball 1-0: Swinging Strike 1-1: Foul Ball, location: 2F 1-2: Ball Wild Pitch! Roland Oruna to second 2-2: Strikes out looking
|
| Top of the 3rd over - 0 runs, 1 hit, 0 errors, 1 left on base; West Palm Beach 0 - Dunedin 3 |
| BOTTOM OF THE 3RD |
|
Dunedin Blue Jays batting - Pitching for West Palm Beach Expos : RHP Domingo Valdez
|
|
Batting: RHB Brad Wellman
|
0-0: Called Strike 0-1: Called Strike 0-2: Ball 1-2: Ball 2-2: Ground out 6-3 (Groundball, 6, EV 91.3 MPH)
|
|
Batting: RHB Miguel Rodriguez
|
0-0: Ball 1-0: Ball 2-0: Ball 3-0: Called Strike 3-1: Base on Balls
|
|
Batting: RHB Dale Berra
|
0-0: Called Strike Miguel Rodriguez is caught stealing 2nd base 2-4 0-1: Ball 1-1: DOUBLE (Flyball, 8RXD, EV 94.4 MPH)
|
|
Batting: LHB Manny Leal
|
0-0: Ball 1-0: Foul Ball, location: 2F 1-1: Ground out 4-3 (Groundball, 4, EV 83.8 MPH)
|
| Bottom of the 3rd over - 0 runs, 1 hit, 0 errors, 1 left on base; West Palm Beach 0 - Dunedin 3 |
| TOP OF THE 4TH |
|
West Palm Beach Expos batting - Pitching for Dunedin Blue Jays : RHP Charlie Kerfeld
|
|
Batting: SHB Terry Pendleton
|
0-0: Called Strike 0-1: Ball 1-1: Ground out 6-3 (Groundball, 56, EV 100.0 MPH)
|
|
Batting: SHB Mark Pirruccello
|
0-0: Ball 1-0: Foul Ball, location: 2F 1-1: SOLO HOME RUN (Flyball, 9D, EV 106.9 MPH), Distance : 379 ft
|
|
Batting: LHB Keith Hughes
|
0-0: Ball 1-0: Ball 2-0: Ball 3-0: Called Strike 3-1: Ground out 3-1 (Groundball, 13, EV 88.8 MPH)
|
|
Batting: RHB Matthew Gundelfinger
|
0-0: Ball 1-0: Ball 2-0: Ball 3-0: Base on Balls
|
|
Batting: RHB Humberto Cardenas
|
0-0: Ball 1-0: Called Strike 1-1: Called Strike 1-2: Strikes out swinging
|
| Top of the 4th over - 1 run, 1 hit, 0 errors, 1 left on base; West Palm Beach 1 - Dunedin 3 |
| BOTTOM OF THE 4TH |
|
Dunedin Blue Jays batting - Pitching for West Palm Beach Expos : RHP Domingo Valdez
|
|
Batting: RHB Wil Culmer
|
0-0: Called Strike 0-1: Ball 1-1: Ground out 5-3 (Groundball, 56S, EV 80.6 MPH)
|
|
Batting: RHB Eugene Pallavicini
|
0-0: Ball 1-0: SINGLE (Groundball, 5S, EV 63.1 MPH) (infield hit)
|
|
Batting: RHB Dann Bilardello
|
0-0: Ball 1-0: Called Strike 1-1: Called Strike 1-2: Ball 2-2: Ball 3-2: Foul Ball, location: 2F 3-2: Base on Balls Eugene Pallavicini to second
|
|
Batting: RHB Scott Richartz
|
0-0: Fielders Choice at 2nd, 6-4 (Groundball, 6, EV 88.1 MPH) Eugene Pallavicini to third
|
|
Batting: LHB Gary Fulton
|
0-0: Called Strike 0-1: Ball 1-1: Foul Ball, location: 2F 1-2: Foul Ball, location: 2F 1-2: Ball 2-2: Fly out, F5 (Line Drive, 5, EV 69.4 MPH)
|
| Bottom of the 4th over - 0 runs, 1 hit, 0 errors, 2 left on base; West Palm Beach 1 - Dunedin 3 |
| TOP OF THE 5TH |
|
West Palm Beach Expos batting - Pitching for Dunedin Blue Jays : RHP Charlie Kerfeld
|
|
Batting: RHB Pat Adams
|
0-0: Swinging Strike 0-1: Called Strike 0-2: Strikes out swinging
|
|
Batting: SHB Jerry Castillo
|
0-0: Called Strike 0-1: Foul Ball, location: 2F 0-2: Ground out 4-3 (Groundball, 4, EV 98.8 MPH)
|
|
Batting: RHB Roland Oruna
|
0-0: Ball 1-0: Swinging Strike 1-1: Ball 2-1: Swinging Strike 2-2: Fly out, F8 (Flyball, 89D, EV 109.4 MPH)
|
| Top of the 5th over - 0 runs, 0 hits, 0 errors, 0 left on base; West Palm Beach 1 - Dunedin 3 |
| BOTTOM OF THE 5TH |
|
Dunedin Blue Jays batting - Pitching for West Palm Beach Expos : RHP Domingo Valdez
|
|
Batting: RHB Brad Wellman
|
0-0: Ball 1-0: Swinging Strike 1-1: Ball 2-1: Ball 3-1: Base on Balls
|
|
Batting: RHB Miguel Rodriguez
|
0-0: Called Strike 0-1: Ball 1-1: Grounds into double play, 4-6-3 (Groundball, 4, EV 87.5 MPH)
|
|
Batting: RHB Dale Berra
|
0-0: Ball 1-0: Foul Ball, location: 2F 1-1: Called Strike 1-2: Foul Ball, location: 2F 1-2: Foul Ball, location: 2F 1-2: Ball 2-2: Foul Ball, location: 2F 2-2: Fly out, F6 (Popup, 6, EV 76.9 MPH)
|
| Bottom of the 5th over - 0 runs, 0 hits, 0 errors, 0 left on base; West Palm Beach 1 - Dunedin 3 |
| TOP OF THE 6TH |
|
West Palm Beach Expos batting - Pitching for Dunedin Blue Jays : RHP Charlie Kerfeld
|
|
Batting: RHB Steve Kiefer
|
0-0: Ball 1-0: Ball 2-0: Called Strike 2-1: Called Strike 2-2: Fly out, F8 (Flyball, 8RXD, EV 86.9 MPH)
|
|
Batting: SHB Terry Pendleton
|
0-0: Swinging Strike 0-1: Ball 1-1: Called Strike 1-2: Foul Ball, location: 2F 1-2: Foul Ball, location: 2F 1-2: Ball 2-2: Ball 3-2: Strikes out swinging
|
|
Batting: SHB Mark Pirruccello
|
0-0: Called Strike 0-1: Ball 1-1: Fly out, F5 (Popup, 56S, EV 72.5 MPH)
|
| Top of the 6th over - 0 runs, 0 hits, 0 errors, 0 left on base; West Palm Beach 1 - Dunedin 3 |
| BOTTOM OF THE 6TH |
|
Dunedin Blue Jays batting - Pitching for West Palm Beach Expos : RHP Domingo Valdez
|
|
Batting: LHB Manny Leal
|
0-0: Ball 1-0: Ball 2-0: Swinging Strike 2-1: Foul Ball, location: 2F 2-2: Ball 3-2: Ground out 1-3 (Groundball, P, EV 72.5 MPH)
|
|
Batting: RHB Wil Culmer
|
0-0: Ball 1-0: Ground out 6-3 (Groundball, 6, EV 110.6 MPH)
|
|
Batting: RHB Eugene Pallavicini
|
0-0: Called Strike 0-1: Fly out, F4 (Popup, 3S, EV 77.5 MPH)
|
| Bottom of the 6th over - 0 runs, 0 hits, 0 errors, 0 left on base; West Palm Beach 1 - Dunedin 3 |
| TOP OF THE 7TH |
|
West Palm Beach Expos batting - Pitching for Dunedin Blue Jays : RHP Charlie Kerfeld
|
|
Batting: LHB Keith Hughes
|
0-0: Ball 1-0: Foul Ball, location: 2F 1-1: Reached on error, E4 (Groundball, 34D, EV 81.3 MPH)
|
|
Batting: RHB Matthew Gundelfinger
|
0-0: Ground out 4-3 (Groundball, 4M, EV 82.5 MPH) Keith Hughes to third
|
|
Batting: RHB Humberto Cardenas
|
0-0: Foul Ball, location: 2F 0-1: Ball 1-1: Swinging Strike 1-2: Foul Ball, location: 2F 1-2: Strikes out swinging
|
|
Batting: RHB Pat Adams
|
0-0: Called Strike 0-1: Ball 1-1: Ground out 4-3 (Groundball, 34, EV 79.4 MPH)
|
| Top of the 7th over - 0 runs, 0 hits, 1 error, 1 left on base; West Palm Beach 1 - Dunedin 3 |
| BOTTOM OF THE 7TH |
|
Dunedin Blue Jays batting - Pitching for West Palm Beach Expos : RHP Domingo Valdez
|
|
Batting: RHB Dann Bilardello
|
0-0: Ball 1-0: Ball 2-0: SINGLE (Groundball, P, EV 93.8 MPH) (infield hit)
|
|
Batting: RHB Scott Richartz
|
0-0: Ball 1-0: Swinging Strike 1-1: Foul Ball, location: 2F 1-2: Foul Ball, location: 2F 1-2: SINGLE (Line Drive, 8RS, EV 109.4 MPH) Dann Bilardello to second
|
|
Batting: LHB Gary Fulton
|
0-0: Ball 1-0: Foul Ball, location: 2F 1-1: Ball 2-1: Grounds into double play, 5-4-3 (Groundball, 56, EV 81.9 MPH) Dann Bilardello to third
|
|
Batting: RHB Brad Wellman
|
0-0: Called Strike 0-1: Swinging Strike 0-2: Ball 1-2: Ball 2-2: Ground out 6-3 (Groundball, 6, EV 87.5 MPH)
|
| Bottom of the 7th over - 0 runs, 2 hits, 0 errors, 1 left on base; West Palm Beach 1 - Dunedin 3 |
| TOP OF THE 8TH |
|
West Palm Beach Expos batting - Pitching for Dunedin Blue Jays : RHP Charlie Kerfeld
|
|
Batting: SHB Jerry Castillo
|
0-0: DOUBLE (Line Drive, 5D, EV 97.5 MPH)
|
|
Batting: RHB Roland Oruna
|
0-0: Ball 1-0: Called Strike 1-1: Ball 2-1: Ball 3-1: Foul Ball, location: 2F 3-2: Base on Balls
|
|
Batting: RHB Steve Kiefer
|
0-0: Ball 1-0: Fly out, F7 (Flyball, 7LS, EV 80.6 MPH)
|
|
Batting: SHB Terry Pendleton
|
0-0: Fly out, F8 (Flyball, 89XD, EV 109.4 MPH) Runner from 2nd tags up, SAFE at 3rd, no throw by CF
|
|
Batting: SHB Mark Pirruccello
|
0-0: Fly out, F9 (Line Drive, 9, EV 87.5 MPH)
|
| Top of the 8th over - 0 runs, 1 hit, 0 errors, 2 left on base; West Palm Beach 1 - Dunedin 3 |
| BOTTOM OF THE 8TH |
|
Dunedin Blue Jays batting - Pitching for West Palm Beach Expos : RHP Domingo Valdez
|
|
Batting: RHB Miguel Rodriguez
|
0-0: Fly out, F7 (Line Drive, 7D, EV 84.4 MPH)
|
|
Pitching: RHP Larry Freeburg
|
|
|
Batting: RHB Dale Berra
|
0-0: Foul Ball, location: 2F 0-1: Ball 1-1: Ball 2-1: Fly out, F8 (Line Drive, 8LD, EV 90.6 MPH)
|
|
Batting: LHB Manny Leal
|
0-0: Called Strike 0-1: Fly out, F7 (Flyball, 78D, EV 103.1 MPH)
|
| Bottom of the 8th over - 0 runs, 0 hits, 0 errors, 0 left on base; West Palm Beach 1 - Dunedin 3 |
| TOP OF THE 9TH |
|
West Palm Beach Expos batting - Pitching for Dunedin Blue Jays : RHP Charlie Kerfeld
|
|
Pitching: LHP Carlos A Diaz
|
|
|
Batting: LHB Keith Hughes
|
0-0: Ball 1-0: Called Strike 1-1: Fly out, F7 (Flyball, 7, EV 81.9 MPH)
|
|
Batting: RHB Matthew Gundelfinger
|
0-0: Ball 1-0: Ball 2-0: Ball 3-0: Base on Balls
|
|
Batting: RHB Humberto Cardenas
|
0-0: Ball 1-0: Ball 2-0: Called Strike 2-1: SINGLE (Line Drive, 6MD, EV 110.6 MPH) Matthew Gundelfinger to second
|
|
Batting: RHB Pat Adams
|
0-0: Ball 1-0: Swinging Strike 1-1: Grounds into double play, 1-6-3 (Groundball, 13S, EV 65.6 MPH)
|
| Top of the 9th over - 0 runs, 1 hit, 0 errors, 1 left on base; West Palm Beach 1 - Dunedin 3 |
|